 Dungeon Crawl Stone Soup version 0.27-a0-1200-g94dc6ad4cf (webtiles) character file.

Game seed: 4699155927789665132

20982 freelancePsychic the Destroyer (level 12, -9/96 HPs)
             Began as a Demonspawn Wanderer on May 31, 2021.
             Was an Elder of Vehumet.
             Killed by divine providence
             ... invoked by an orc high priest
              (13 damage)
             ... on level 2 of the Orcish Mines.
             The game lasted 01:09:06 (18768 turns).

freelancePsychic the Destroyer (DsWn)              Turns: 18768, Time: 01:09:07

Health: -9/96      AC: 25    Str: 15 (17) XL:     12   Next: 50%
Magic:  14/30      EV: 12    Int: 15 (16) God:    Vehumet [****..]
Gold:   897        SH:  5    Dex: 15 (17) Spells: 2/23 levels left

rFire    . . .     SeeInvis .   b - +1 dagger (venom)
rCold    . . .     Faith    .   (no shield)
rNeg     . . .     Spirit   .   H - +1 scale mail of Valiance {Str+4}
rPois    +         Reflect  +   M - +1 helmet of Tempters {Dex+2 Slay+3}
rElec    .         Harm     .   V - +0 cloak {rPois}
rCorr    .         Rampage  .   n - +0 pair of gloves
Will     .....                  (boots unavailable)
Stlth    ++........             e - amulet of reflection
HPRegen  0.26/turn              z - +4 ring of slaying
MPRegen  0.22/turn              F - ring of magical power

@: sanguine armoured, hasted (expiring), very quick
A: hooves 3, ignite blood 2, sanguine armour 3, demonic magic 1
a: Renounce Religion


You were on level 2 of the Orcish Mines.
You worshipped Vehumet.
Vehumet was greatly pleased with you.
You visited 3 branches of the dungeon, and saw 15 of its levels.
You also visited: Bailey and Gauntlet.

You collected 897 gold pieces.

Inventory:

Hand Weapons
 a - a +1 dagger of speed
 b - a +1 dagger of venom (weapon)
 m - a +2 antimagic rapier
 p - a +0 rapier
 Q - the +11 halberd "Giyl" {flame, +Blink rElec Stlth+}
   (You found it on level 10 of the Dungeon)

   It has been specially enchanted to burn those struck by it, causing extra
   injury to most foes and up to half again as much damage against particularly
   susceptible opponents.
   Big, fiery blades are also staple armaments of hydra-hunters.
   It insulates you from electricity.
   It lets you blink.
   It makes you more stealthy.
Missiles
 i - 5 atropa-tipped darts
 I - 4 throwing nets
Armour
 d - a +1 robe
 j - a +2 pair of boots
 n - a +0 pair of gloves (worn)
 o - +0 ice dragon scales
 y - a +2 robe of resistance
 A - a +0 troll leather armour
 G - a +0 ring mail
 H - the +1 scale mail of Valiance (worn) {Str+4}
   (You found it on level 11 of the Dungeon)

   It affects your strength (+4).
 M - the +1 helmet of Tempters (worn) {Dex+2 Slay+3}
   (You found it in a Gauntlet)

   It affects your dexterity (+2).
   It affects your accuracy and damage with ranged weapons and melee attacks
   (+3).
 V - a +0 cloak of poison resistance (worn)
Magical Staves
 W - a staff of fire
Jewellery
 e - an amulet of reflection (around neck)
 l - a +6 ring of intelligence
 s - a +6 ring of strength
 z - a +4 ring of slaying (left hand)
 D - a ring of flight
 F - a ring of magical power (right hand)
 O - a ring of poison resistance
 P - a ring of positive energy
 R - a ring of ice
 S - a +4 ring of protection
Wands
 h - a wand of paralysis (15)
 q - a wand of charming (7)
 v - a wand of acid (5)
 w - a wand of polymorph (9)
 J - a wand of digging (5)
 L - a wand of mindburst (9)
Scrolls
 g - 2 scrolls of amnesia
 B - 5 scrolls of vulnerability
 E - a scroll of enchant armour
Potions
 c - a potion of haste {@q3}
 f - 3 potions of lignification
 k - 3 potions of attraction
 t - a potion of resistance {unknown}
 u - a potion of flight
 x - a potion of degeneration
 C - a potion of berserk rage {unknown}
 T - a potion of cancellation {unknown}
Miscellaneous
 K - a condenser vane (inert)


   Skills:
 - Level 9.4 Fighting
 - Level 5.0 Short Blades
 + Level 7.1 Armour
 - Level 6.0 Dodging
 - Level 5.0 Stealth
 - Level 6.0 Spellcasting
 + Level 10.1 Conjurations
 - Level 1.0 Summonings
 - Level 0.9 Transmutations
 - Level 3.5 Fire Magic
 - Level 7.0 Air Magic
 - Level 3.6 Poison Magic
 - Level 1.0 Evocations


You had 2 spell levels left.
You knew the following spells:

 Your Spells              Type           Power      Damage    Failure   Level
a - Magic Dart            Conj           100%       1d8       1%          1
b - Call Imp              Summ           7%         N/A       43%         2
c - Ignite Poison         Fire/Tmut/Pois 12%        N/A       13%         3
d - Poisonous Vapours     Pois/Air       40%        N/A       2%          2
e - Mephitic Cloud        Conj/Pois/Air  25%        N/A       2%          3
f - Airstrike             Air            12%        N/A       7%          4
g - Conjure Ball Lightni  Conj/Air       15%        3x3d6     45%         6

Your spell library contained the following spells:

 Spells                   Type           Power      Damage    Failure   Level
 Freeze                   Ice            16%        1d4       13%         1
 Beastly Appendage        Tmut           14%        N/A       32%         1
 Apportation              Tloc           8%         N/A       43%         1
 Corona                   Hex            4%         N/A       43%         1
 Wereblood                Tmut           7%         N/A       45%         2
 Blink                    Tloc           N/A        N/A       58%         2
 Ensorcelled Hibernation  Hex/Ice        8%         N/A       58%         2
 Slow                     Hex            4%         N/A       58%         2
 Conjure Flame            Conj/Fire      25%        6-21      2%          3
 Dazzling Flash           Conj/Hex       38%        N/A       5%          3
 Hailstorm                Conj/Ice       19%        3d6       16%         4
 Frozen Ramparts          Ice            8%         1d2       34%         3
 Spider Form              Tmut/Pois      5%         N/A       50%         3
 Confusing Touch          Hex            4%         N/A       82%         3
 Lesser Beckoning         Tloc           2%         N/A       82%         3
 Ozocubu's Armour         Ice            4%         N/A       82%         3
 Tukima's Dance           Hex            4%         N/A       82%         3
 Ice Form                 Ice/Tmut       5%         N/A       99%         4
 Alistair's Intoxication  Tmut/Pois      7%         N/A       99%         5
 Hydra Form               Tmut           3%         N/A       100%        5
 Metabolic Englaciation   Hex/Ice        2%         N/A       100%        5
 Invisibility             Hex            4%         N/A       100%        6


Dungeon Overview and Level Annotations

Branches:
Dungeon (12/15)            Temple (1/1) D:6            Lair (0/6) D:9
    Orc (1/2) D:12         Bailey (visited)         Gauntlet (visited)

Altars:
Ashenzari
Fedhas
Makhleb
Nemelex Xobeh
Qazlal
Vehumet
Xom
Yredelemnul

Shops:
D:8 !   D:10 (   Orc:2 :*(

Annotations:
D:4 exclusion: ogre
D:8 4 runed translucent doors
D:12 Nessos


Innate Abilities, Weirdness & Mutations

You have hooves in place of feet.
Your demonic aura often causes spilled blood to erupt in flames.
When seriously injured, your bleeding wounds create very thick armour. (AC +12)
Spells you cast may paralyse adjacent enemies.


Message History

* * * LOW HITPOINT WARNING * * *
The soul eater is healed.
The orc high priest is engulfed in blazing flames.
You block the orc warrior's attack.
The orc no longer looks unusually strong.
The soul eater is engulfed in blazing flames.
Okay, then.
You barely miss the soul eater. You kick the soul eater.
The soul eater is lightly wounded.
You hit the soul eater.
The soul eater is lightly wounded.
It was a potion of degeneration.
There was something very wrong with that liquid.
You feel weakened.
You feel dopey.
You feel clumsy.
The orc warlord no longer looks unusually strong.
The soul eater completely misses you.
The orc high priest hits you but does no damage.
The orc knight roars a battlecry!
The orcs go into a battle-frenzy!
The orc warrior hits you from afar with a +0 halberd!
* * * LOW HITPOINT WARNING * * *
The orc warlord roars a battlecry!
The orc knight goes into a battle-frenzy!
The warg is engulfed in blazing flames.
The orc high priest hits you from afar with a +0 glaive.
* * * LOW HITPOINT WARNING * * *
The soul eater misses you.
The orc high priest calls upon Beogh to heal the orc high priest.
The orc high priest is healed somewhat.
The soul eater is engulfed in blazing flames.
The warg misses you.
You see here 29 gold pieces.
Your extra speed is starting to run out.
The soul eater disappears in a puff of smoke!
The orc warrior no longer looks unusually strong.
The orc no longer looks unusually strong.
The orc is no longer paralysed.
The orc high priest mumbles some strange prayers to Beogh against you.
Beogh smites you!
You die...

### ## #####.###### #
#.##.##.oo○.#.#.##
#####.#.ooooo☼3$@...#
#..#....oOoo°°h....##
##....$.o)o.o.........
##.......ooo.°....$....#
o.....................##
......P....P.........##
O..##.P...........#.##
.o.##.P...........###
....#.P...∩...


You could see an orc warlord (strong), an orc knight (strong), a soul eater
(summoned), 2 orc high priests, a warg, 7 orc warriors, an ogre and 3 orcs.

Vanquished Creatures
  A minotaur (Gauntlet)
  Fannar (D:10)
  Harold (D:10)
  A hydra (D:12)
  A boulder beetle (D:11)
  2 two-headed ogres
  An orc high priest (Orc:2)
  2 glowing orange brains (Gauntlet)
  A deep elf pyromancer (D:12)
  An orc sorcerer (Orc:1)
  3 cyclopes
  2 ugly things (Gauntlet)
  A manticore (D:12)
  Maurice (D:8)
  A smoke demon (Gauntlet)
  A gargoyle (D:11)
  2 unseen horrors (D:12)
  Psyche (D:10)
  3 trolls
  2 polar bears (D:12)
  2 hornets (Gauntlet)
  2 wraiths
  6 yaks
  A wyvern (D:11)
  3 vampire mosquitoes (D:8)
  An acid dragon (D:11)
  A hornet zombie (D:9)
  13 orc warriors
  6 ogres
  3 centaurs
  3 wolves
  A phantom (D:5)
  A kobold brigand (D:6)
  11 gnoll sergeants
  6 scorpions
  4 wights (D:9)
  4 killer bees (D:10)
  4 howler monkeys
  An electric eel (D:9)
  3 crimson imps
  A centaur zombie (D:10)
  3 bullfrog zombies
  12 hounds
  5 orc priests
  8 gnoll shamans
  An iguana (D:4)
  14 orc wizards
  A killer bee zombie (D:7)
  2 hound skeletons (D:5)
  A howler monkey zombie (D:9)
  31 gnolls
  A howler monkey skeleton (D:4)
  An adder (D:4)
  2 white imps
  4 worms
  37 orcs
  9 ball pythons
  6 bats
  7 endoplasms
  A giant cockroach (D:2)
  7 goblins
  5 hobgoblins
  4 jackals (D:1)
  4 quokkas
  2 frilled lizards
  6 kobolds
  4 rats
284 creatures vanquished.

Vanquished Creatures (collateral kills)
  An ice dragon (D:12)
  A rime drake (D:12)
  A water moccasin (D:8)
  An ogre (D:6)
  A centaur (D:8)
  Ijyb (D:3)
  Jessica (D:3)
  An orc wizard (D:5)
  A gnoll (D:2)
  2 adders
  An ufetubus (D:4)
  A goblin (D:3)
  2 hobgoblins
  A quokka (D:2)
  2 ball pythons
  2 kobolds
  A rat (D:2)
21 creatures vanquished.

Vanquished Creatures (others)
  A gnoll (D:9)
  2 fungi (Orc:2)
  2 plants (Gauntlet)
5 creatures vanquished.

Grand Total: 310 creatures vanquished

Notes
Turn   | Place    | Note
-------+----------+-------------------------------------------
     0 | D:1      | freelancePsychic the Demonspawn Wanderer began the quest
                  | for the Orb.
     0 | D:1      | freelancePsychic set off with the following items: a +0
                  | dagger, a scroll of teleportation {@r4}, a potion of
                  | lignification, a +0 robe; and the following spell
                  | memorised: Magic Dart; and the following spells available
                  | to memorise: Call Imp, Blink, Slow, Mephitic Cloud, Conjure
                  | Flame
     0 | D:1      | Reached XP level 1. HP: 13/13 MP: 7/7
   107 | D:1      | Gained mutation: When seriously injured, your bleeding
                  | wounds create armour. (AC +12) [demonic ancestry]
   107 | D:1      | Reached XP level 2. HP: 17/19 MP: 2/9
   110 | D:1      | Reached skill level 1 in Conjurations
   110 | D:1      | Reached skill level 1 in Air Magic
   507 | D:1      | Gained mutation: You have large cloven feet. [demonic
                  | ancestry]
   507 | D:1      | Reached XP level 3. HP: 24/24 MP: 3/10
   623 | D:1      | Found a faded altar of an unknown god.
   628 | D:1      | Learned a level 3 spell: Mephitic Cloud
  1029 | D:1      | Learned a level 2 spell: Call Imp
  1771 | D:2      | Reached XP level 4. HP: 20/30 MP: 8/12
  1960 | D:2      | Reached skill level 2 in Conjurations
  2993 | D:3      | Noticed Ijyb
  2999 | D:3      | Paralysed by Ijyb for 5 turns
  2999 | D:3      | Killed Ijyb
  3055 | D:3      | Noticed Jessica
  3084 | D:3      | Killed Jessica
  3593 | D:4      | Gained mutation: When seriously injured, your bleeding
                  | wounds create thick armour. (AC +12) [demonic ancestry]
  3593 | D:4      | Reached XP level 5. HP: 33/35 MP: 11/13
  4076 | D:4      | Noticed an ogre
  4130 | D:4      | Noticed an ogre
  4340 | D:5      | Entered Level 5 of the Dungeon
  4460 | D:5      | Found a radiant altar of Vehumet.
  4467 | D:5      | Became a worshipper of Vehumet
  4549 | D:5      | Reached skill level 3 in Conjurations
  4791 | D:5      | Gained mutation: Spells you cast may paralyse adjacent
                  | enemies. [demonic ancestry]
  4791 | D:5      | Reached XP level 6. HP: 41/41 MP: 12/15
  5089 | D:5      | Reached skill level 1 in Fighting
  5096 | D:4      | Found a basalt altar of Yredelemnul.
  5982 | D:4      | Reached skill level 4 in Conjurations
  5995 | D:4      | Gained mutation: Your demonic aura sometimes causes spilled
                  | blood to erupt in flames. [demonic ancestry]
  5995 | D:4      | Reached XP level 7. HP: 29/50 MP: 1/16
  6965 | D:5      | Reached * piety under Vehumet
  6965 | D:5      | Offered knowledge of Freeze by Vehumet.
  7043 | D:5      | Reached skill level 1 in Short Blades
  7391 | D:6      | Found a staircase to the Ecumenical Temple.
  7407 | D:6      | Noticed a troll
  7428 | D:6      | Killed a troll
  7429 | D:6      | Reached skill level 5 in Conjurations
  7429 | D:6      | Reached XP level 8. HP: 49/60 MP: 7/17
  7451 | Temple   | Entered the Ecumenical Temple
  8469 | D:7      | Reached skill level 6 in Conjurations
  8678 | D:7      | Found a broken altar of Ashenzari.
  8875 | D:7      | Reached skill level 5 in Fighting
  9422 | D:8      | Reached ** piety under Vehumet
  9579 | D:8      | Gained mutation: You have hoof-like feet. [demonic
                  | ancestry]
  9579 | D:8      | Reached XP level 9. HP: 55/68 MP: 13/18
  9589 | D:8      | Offered knowledge of Poisonous Vapours by Vehumet.
  9593 | D:8      | Learned a level 2 spell: Poisonous Vapours
  9725 | D:8      | Noticed Maurice
 10033 | D:9      | Found a stormy altar of Qazlal.
 10065 | D:9      | Noticed a troll
 10301 | D:9      | Found a flagged portal.
 10315 | Bailey   | Entered a bailey
 10462 | Bailey   | Offered knowledge of Ignite Poison by Vehumet.
 10463 | Bailey   | Reached skill level 5 in Short Blades
 10471 | Bailey   | Learned a level 3 spell: Ignite Poison
 10636 | Bailey   | Reached skill level 1 in Fire Magic
 11127 | Bailey   | Reached skill level 5 in Stealth
 11127 | Bailey   | Reached *** piety under Vehumet
 11599 | D:9      | Reached skill level 1 in Dodging
 11637 | D:9      | Found a staircase to the Lair.
 11670 | D:9      | Offered knowledge of Airstrike by Vehumet.
 11866 | D:9      | Learned a level 4 spell: Airstrike
 12012 | D:9      | Killed a troll
 12013 | D:9      | Gained mutation: You have hooves in place of feet. [demonic
                  | ancestry]
 12013 | D:9      | Reached XP level 10. HP: 79/79 MP: 12/19
 12933 | D:9      | Found a sparkling altar of Nemelex Xobeh.
 13098 | D:8      | Killed Maurice
 13397 | D:8      | Found a huge runed translucent gate.
 13397 | D:8      | Found a huge runed translucent gate.
 13398 | D:8      | Found a huge runed translucent gate.
 13399 | D:8      | Noticed a death yak
 13399 | D:8      | Found a huge runed translucent gate.
 13399 | D:8      | Noticed a manticore
 13401 | D:8      | Noticed a manticore
 13457 | D:8      | Reached skill level 5 in Air Magic
 13682 | D:8      | Reached **** piety under Vehumet
 13753 | D:8      | Found a burning altar of Makhleb.
 13754 | D:8      | Found a shimmering altar of Xom.
 13769 | D:8      | Found Qoriamm's Distillery.
 14077 | D:10     | Entered Level 10 of the Dungeon
 14137 | D:10     | Noticed Psyche
 14141 | D:10     | Killed Psyche
 14141 | D:10     | Offered knowledge of Inner Flame by Vehumet.
 14582 | D:10     | Identified the +11 halberd "Giyl" {flame, +Blink rElec
                  | Stlth+}
 14671 | D:10     | Noticed Harold
 14678 | D:10     | Killed Harold
 14683 | D:10     | Reached skill level 5 in Dodging
 14698 | D:10     | Noticed Fannar
 14704 | D:10     | Killed Fannar
 14705 | D:10     | Gained mutation: When seriously injured, your bleeding
                  | wounds create very thick armour. (AC +12) [demonic
                  | ancestry]
 14705 | D:10     | Reached XP level 11. HP: 86/87 MP: 20/20
 14759 | D:10     | Found Dybiu's Weapon Shoppe.
 15495 | D:11     | Noticed a two-headed ogre
 15502 | D:11     | Killed a two-headed ogre
 15910 | D:11     | Noticed a boulder beetle
 15916 | D:11     | Killed a boulder beetle
 16216 | D:11     | Identified the +1 scale mail of Valiance {Str+4}
 16427 | D:12     | Found a gate leading to a gauntlet.
 16428 | D:12     | Noticed a two-headed ogre
 16440 | D:12     | Reached skill level 1 in Armour
 16445 | D:12     | Killed a two-headed ogre
 16445 | D:12     | Noticed a deep elf pyromancer
 16450 | D:12     | Killed a deep elf pyromancer
 16451 | D:12     | Reached skill level 7 in Conjurations
 16459 | Gauntlet | Entered a Gauntlet
 16459 | Gauntlet | Found a transporter.
 16459 | Gauntlet | Found a transporter.
 16463 | Gauntlet | Found a transporter.
 16463 | Gauntlet | Found a transporter.
 16469 | Gauntlet | Noticed a fire crab
 16470 | Gauntlet | Found a transporter.
 16481 | Gauntlet | Found a transporter.
 16485 | Gauntlet | Noticed a brown ugly thing
 16488 | Gauntlet | Noticed a dire elephant
 16489 | Gauntlet | Found a transporter.
 16492 | Gauntlet | Found a transporter.
 16500 | Gauntlet | Found a transporter.
 16501 | Gauntlet | Noticed a cyan ugly thing
 16505 | Gauntlet | Found a transporter.
 16523 | Gauntlet | Noticed a glowing orange brain
 16535 | Gauntlet | Noticed a glowing orange brain
 16557 | Gauntlet | Found a transporter.
 16594 | Gauntlet | Found a transporter.
 16596 | Gauntlet | Noticed a tengu warrior
 16831 | Gauntlet | Found a transporter.
 16832 | Gauntlet | Found a transporter.
 16915 | Gauntlet | Killed a cyan ugly thing
 16930 | Gauntlet | Killed a glowing orange brain
 16931 | Gauntlet | Killed a brown ugly thing
 16932 | Gauntlet | Reached skill level 8 in Conjurations
 16937 | Gauntlet | Killed a glowing orange brain
 16944 | Gauntlet | Identified the +1 helmet of Tempters {Dex+2 Slay+3}
 17034 | Gauntlet | Noticed a minotaur
 17062 | Gauntlet | Killed a minotaur
 17104 | D:12     | Found a frozen archway.
 17106 | D:12     | Noticed an ice dragon
 17110 | D:12     | Reached skill level 5 in Armour
 17111 | D:12     | Gained mutation: Your demonic aura often causes spilled
                  | blood to erupt in flames. [demonic ancestry]
 17111 | D:12     | Reached XP level 12. HP: 63/96 MP: 19/21
 17113 | D:12     | Reached ***** piety under Vehumet
 17113 | D:12     | Offered knowledge of Conjure Ball Lightning by Vehumet.
 17125 | D:12     | HP: 1/96 [ice dragon (7)]
 17133 | D:12     | Killed an ice dragon
 17489 | D:12     | Reached skill level 9 in Conjurations
 17735 | D:12     | Noticed a six-headed hydra
 17742 | D:12     | Killed a six-headed hydra
 17896 | D:12     | Noticed Nessos
 18213 | D:12     | Found a staircase to the Orcish Mines.
 18415 | D:12     | Learned a level 6 spell: Conjure Ball Lightning
 18416 | Orc:1    | Entered Level 1 of the Orcish Mines
 18614 | Orc:1    | Reached skill level 10 in Conjurations
 18716 | Orc:1    | You fall into a shaft and drop 1 floor!
 18716 | Orc:2    | Entered Level 2 of the Orcish Mines
 18716 | Orc:2    | Found Kafitry's Book Shoppe.
 18717 | Orc:2    | Noticed an orc warlord
 18724 | Orc:2    | Found Ecegaud's General Store.
 18739 | Orc:2    | Noticed an orc high priest
 18743 | Orc:2    | Found Vusiamai's Antique Weapon Boutique.
 18743 | Orc:2    | Noticed an orc high priest
 18745 | Orc:2    | Noticed an orc high priest
 18755 | Orc:2    | Killed an orc high priest
 18765 | Orc:2    | HP: 3/96 [orc high priest/+0 glaive (5)]
 18768 | Orc:2    | Killed from afar by an orc high priest

Illustrated notes

Levels and vault maps discovered:
D:1:      scummos_arrival_simple_fountains, layout_rooms,
          basic_ecumenical_altar, minmay_misc_feat_tower
D:2:      layout_rooms
D:3:      layout_loops_ring, palyth_stone_intersect, uniq_jessica, uniq_ijyb
D:4:      layout_gridville, yredelemnul_altar_generic
D:5:      layout_loops_ring, vehumet_crystals, dk_vineyard_1
D:6:      layout_rooms, minmay_temple_entry_hall
D:7:      layout_loops_corners, cheibrodos_ashenzari_chains, corner_web_ring,
          minivault_27, kennysheep_generic_room_14
D:8:      lemuel_bear_cage, layout_basic,
          grunt_temple_overflow_champion_of_chaos, serial_shops,
          kennysheep_mini_moat, kennysheep_generic_room_9, uniq_maurice
D:9:      layout_stronghold, lemuel_round_altar,
          nemelex_xobeh_ov_fountains_minmay, erik_lair_island, enter_bailey_3
D:10:     layout_stronghold, serial_shops, kennysheep_little_box, uniq_psyche,
          uniq_harold, uniq_fannar
D:11:     layout_irregular_city, chequers_serial_rivers_room_a
D:12:     minmay_the_grid_square_5x5_3x3 [minmay_the_grid_square_5x5_minimal,
          minmay_the_grid_square_5x5_shuriken, minmay_the_grid_square_5x5_v,
          minmay_the_grid_square_5x5_hourglass,
          minmay_the_grid_square_5x5_megaprize_diamond,
          minmay_the_grid_square_5x5_fancy_junction,
          minmay_the_grid_square_5x5_sharp_hourglass,
          minmay_the_grid_square_5x5_fat_x, minmay_the_grid_square_5x5_tie],
          layout_loops_ring, kennysheep_orc_monster_closet_entryway,
          gauntlet_entry_generic, portal_ice_cave_entry_animals_and_master,
          uniq_nessos, uniq_josephine
Temple:   regret_index_temple_waves
Orc:1:    layout_diamond_mine, serial_shops, nicolae_shop_trees
Orc:2:    grunt_orc_gardens, layout_diamond_mine, grunt_orc_garden,
          grunt_orc_garden, grunt_orc_garden, grunt_orc_garden

Skill      XL: |  1  2  3  4  5  6  7  8  9 10 11 12 |
---------------+-------------------------------------+-----
Conjurations   | 1 2 3 4 5 6 8 10 | 10.1
Air Magic      | 1 2 3 4 6 7 |  7.0
Poison Magic   | 2 3 |  3.6
Fighting       | 2 3 5 7 8 9 |  9.4
Short Blades   | 2 4 5 |  5.0
Stealth        | 2 5 |  5.0
Fire Magic     | 3 |  3.5
Dodging        | 2 5 6 |  6.0
Armour         | 5 7 |  7.1
Spellcasting   | |  6.0
Summonings     | |  1.0
Transmutations | |  0.9
Evocations     | |  1.0

Action                   |  1- 3 |  4- 6 |  7- 9 | 10-12 || total
-------------------------+-------+-------+-------+-------++-------
Melee: Dagger            |    47 |   161 |   201 |   155 ||   564
       Unarmed           |     6 |       |       |       ||     6
       Kick              |     4 |     5 |       |    50 ||    59
       Rapier            |       |   108 |    92 |       ||   200
Throw: Throwing net      |       |       |       |     2 ||     2
 Cast: Magic Dart        |    63 |     2 |    25 |    23 ||   113
       Call Imp          |     6 |    15 |    16 |       ||    37
       Mephitic Cloud    |     1 |    22 |    76 |    67 ||   166
       Poisonous Vapours |       |       |    19 |    66 ||    85
       Ignite Poison     |       |       |     7 |    52 ||    59
       Airstrike         |       |       |       |     3 ||     3
Evoke: Wand              |       |     2 |     1 |       ||     3
       Condenser vane    |       |       |       |     1 ||     1
  Use: Potion            |     1 |       |     3 |    10 ||    14
       Scroll            |     2 |     2 |    10 |     8 ||    22
 Stab: Sleeping          |     1 |     5 |       |       ||     6
       Confused          |       |    11 |    19 |     6 ||    36
       Distracted        |       |     1 |     1 |       ||     2
       Paralysed         |       |     2 |    16 |    18 ||    36
Armor: Skin              |    13 |       |       |       ||    13
       Robe              |    14 |    80 |    88 |     9 ||   191
       Scale mail        |       |       |       |    68 ||    68
Dodge: Dodged            |    26 |   122 |   135 |    93 ||   376
Block: Other             |    14 |    43 |    70 |    27 ||   154
       Reflection        |     1 |       |     4 |     1 ||     6

Table legend: (Time is in decaauts)
 A = Elapsed time spent in this place.
 B = Non-inter-level travel time spent in this place.
 C = Inter-level travel time spent in this place.
 D = Time resting spent in this place.
 E = Time spent auto-exploring this place.
 F = Levels seen in this place.
 G = Mean time per level.
                   A        B        C        D        E       F      G
               +--------+--------+--------+--------+--------+-----+--------+
         Total |  18714 |  18111 |    603 |   3577 |  10963 |  17 | 1100.8 |
       Dungeon |  16464 |  15861 |    603 |   2828 |  10300 |  12 | 1372.0 |
        Temple |    139 |    139 |      0 |    129 |      0 |   1 |  139.0 |
  Orcish Mines |    332 |    332 |      0 |      0 |    254 |   2 |  166.0 |
        Bailey |   1154 |   1154 |      0 |    357 |    409 |   1 | 1154.0 |
      Gauntlet |    623 |    623 |      0 |    263 |      0 |   1 |  623.0 |
               +--------+--------+--------+--------+--------+-----+--------+

Top non-repeatable levels by time:
     D:4: 2031 daAuts
     D:9: 2006 daAuts
     D:5: 1572 daAuts
     D:2: 1454 daAuts
     D:8: 1453 daAuts
    D:10: 1323 daAuts
     D:7: 1254 daAuts
    D:11: 1246 daAuts
     D:3: 1164 daAuts
  Bailey: 1154 daAuts
    D:12: 1121 daAuts
     D:1: 939 daAuts
     D:6: 897 daAuts
Gauntlet: 623 daAuts
   Orc:1: 298 daAuts
